 Dungeon Crawl Stone Soup version 0.31-a0-631-g285b096dc4 (webtiles) character file.

Game seed: 11225412626225072342

205 kae the Cudgeller (level 5, -1/45 HPs)
             Began as a Minotaur Fighter on Aug 25, 2023.
             Was an Initiate of Qazlal.
             Slain by Duvessa
             ... wielding a +0 short sword
              (12 damage)
             ... on level 4 of the Dungeon.
             The game lasted 00:02:29 (3291 turns).

kae the Cudgeller (Minotaur Fighter)                Turns: 3291, Time: 00:02:30

Health: -1/45      AC: 11    Str: 22    XL:     5   Next: 53%
Magic:  5/5        EV:  8    Int:  5    God:    Qazlal [......]
Gold:   79         SH:  4    Dex: 10    Spells: 4/4 levels left

rFire   . . .        a - +0 flail
rCold   . . .        c - +0 buckler
rNeg    . . .        k - +2 chain mail {rPois}
rPois   +            (helmet restricted)
rElec   .            (no cloak)
rCorr   .            (no gloves)
SInv    .            (no boots)
Will    +....        (no amulet) Stlth
                     i - ring of willpower
HPRegen 0.27/turn    (no ring)
MPRegen 0.09/turn

%: no passive effects
@: no status effects
A: horns 2, retaliatory headbutt
a: Renounce Religion


You were on level 4 of the Dungeon.
You worshipped Qazlal.
Qazlal was noncommittal.
You visited 1 branch of the dungeon, and saw 4 of its levels.

You collected 79 gold pieces.


Innate Abilities, Weirdness & Mutations

You have a pair of horns on your head.
You reflexively headbutt those who attack you in melee.


   Skills:
 - Level 3.6 Fighting
 + Level 6.7 Maces & Flails
 - Level 3.6 Armour
 - Level 3.6 Shields
 + Level 1.4 Invocations


You had 4 spell levels left.
You didn't know any spells.
Your spell library was empty.

Inventory:

Hand Weapons
 a - a +0 flail (weapon)
Missiles
 e - 11 stones
 l - 8 poisoned darts
Armour
 b - a +0 scale mail
 c - a +0 buckler (worn)
 k - a +2 chain mail of poison resistance (worn)
   (You found it on level 1 of the Dungeon)
Jewellery
 i - a ring of willpower (left hand)
   (You found it on level 1 of the Dungeon)
Scrolls
 f - a scroll of teleportation {@r4}
 h - a scroll of vulnerability {!r!r}
 j - a scroll of torment {unknown}
 o - a scroll of identify {@r1}
Potions
 d - a potion of might
 g - a potion of attraction {!q}
 n - a potion of degeneration {unknown}
 p - a potion of brilliance {unknown}
 q - a potion of magic {unknown}

Dungeon Overview and Level Annotations

Branches:
Dungeon (4/15) Zot: 20681
 Temple: D:4-7

Altars:
Ashenzari
Cheibriados
Elyvilon
Gozag
Nemelex Xobeh
Qazlal
Yredelemnul
The Shining One

Annotations:
D:4 Duvessa

.. .. ..≈.)..
#..###
.#..≈.###
#....#....≈....
#....#...≈.#._
#....#.≈.#[.
#.#....≈.### #
#.#..≈....
#e#..≈≈≈≈≈
#@#e......
###.##.### ..
.# .# # .#


You could see Duvessa (berserk).


Message History

😎 MP[+1]
Your mp is fully restored (5).
Duvessa rages.
Duvessa rages. x2
Unknown command.
Duvessa rages.
Duvessa rages.
Duvessa rages.
Duvessa rages.
Duvessa rages.
Duvessa rages.
Duvessa rages.
Duvessa rages.
Duvessa rages.
Duvessa rages.
Duvessa rages.
Duvessa rages.
Duvessa rages.
Duvessa rages.
Duvessa rages.
Duvessa rages.
Duvessa rages.
Duvessa rages.
Duvessa rages.
Duvessa rages.
Duvessa rages.
Duvessa rages.
Duvessa rages.
Duvessa rages.
Duvessa rages.
Okay, then.
Unknown command.
Aiming: Paralyse
Press: ? - help, Shift-Dir - straight line, f - Duvessa
Aim: Duvessa, wielding a +0 short sword and wearing a +0 ring mail (berserk, chance to affect: 31%) Duvessa easily resists.
You start waiting.
Duvessa is nearby!
Duvessa rages.
Aiming: Paralyse
Press: ? - help, Shift-Dir - straight line, f/p - Duvessa
Aim: Duvessa, wielding a +0 short sword and wearing a +0 ring mail (berserk, chance to affect: 31%) Duvessa easily resists.
Duvessa is nearby!
Aiming: Paralyse
Press: ? - help, Shift-Dir - straight line, f/p - Duvessa
Aim: Duvessa, wielding a +0 short sword and wearing a +0 ring mail (berserk, chance to affect: 31%) Duvessa easily resists.
Duvessa rages.
Aiming: Paralyse
Press: ? - help, Shift-Dir - straight line, f/p - Duvessa
Aim: Duvessa, wielding a +0 short sword and wearing a +0 ring mail (berserk, chance to affect: 31%) Duvessa easily resists.
Duvessa rages.
Aiming: Paralyse
Press: ? - help, Shift-Dir - straight line, f/p - Duvessa
Aim: Duvessa, wielding a +0 short sword and wearing a +0 ring mail (berserk, chance to affect: 31%) Duvessa easily resists.
Duvessa rages.
You start waiting.
Duvessa is nearby!
Things that are here:
a +0 dagger; a +0 robe
There is a stone staircase leading up here.
Aiming: Paralyse
Press: ? - help, Shift-Dir - straight line, f/p - Duvessa
Aim: Duvessa, wielding a +0 short sword and wearing a +0 ring mail (berserk, chance to affect: 31%) Duvessa easily resists.
The now-empty wand crumbles to dust.
Duvessa hits you with a +0 short sword. 😕 HP[-5]
You take 5 damage, and now have 40/45 hp.
You closely miss Duvessa. Your headbutt misses Duvessa.
You block Duvessa's attack.
You hit Duvessa but do no damage. You headbutt Duvessa.
Duvessa closely misses you. You furiously retaliate!
You headbutt Duvessa, but do no damage. Duvessa barely misses you.
You hit Duvessa but do no damage. You headbutt Duvessa, but do no damage.
Duvessa hits you but does no damage. Duvessa barely misses you.
You sock Duvessa! You headbutt Duvessa!
Duvessa hits you with a +0 short sword! 😕 HP[-6]
You take 6 damage, and now have 34/45 hp.
You hit Duvessa. You block Duvessa's attack.
Duvessa hits you but does no damage.
You barely miss Duvessa. Your headbutt misses Duvessa.
You block Duvessa's attack. Duvessa hits you with a +0 short sword!
You are too injured to fight recklessly! 😮 HP[-9]
You take 9 damage, and now have 25/45 hp.
You hit Duvessa. You headbutt Duvessa! Duvessa hits you with a +0 short sword.
* * * LOW HITPOINT WARNING * * *
😨 HP[-5]
You take 5 damage, and now have 20/45 hp.
Unknown command.
You hit Duvessa. You headbutt Duvessa! You block Duvessa's attack.
Duvessa barely misses you.
You barely miss Duvessa. You headbutt Duvessa.
Duvessa hits you with a +0 short sword!
* * * LOW HITPOINT WARNING * * *
Duvessa hits you with a +0 short sword!
You die...

Skill      XL: |  1  2  3  4  5 |
---------------+----------------+-----
Maces & Flails | 3 4 5 6 |  6.7
Invocations    | 1 |  1.4
Fighting       | |  3.6
Armour         | |  3.6
Shields        | |  3.6

Action                     |  1- 3 |  4- 6 || total
---------------------------+-------+-------++-------
  Melee: Flail             |    70 |    93 ||   163
         Headbutt          |     6 |    12 ||    18
  Evoke: Wand              |       |     6 ||     6
    Use: Scroll            |     3 |     2 ||     5
 Armour: Scale mail        |    27 |       ||    27
         Chain mail        |    33 |    45 ||    78
  Dodge: Dodged            |    32 |    35 ||    67
  Block: Buckler           |    24 |    15 ||    39

Levels and vault maps discovered:
D:1:      matt_arrival_refuge, layout_loops_corners, palyth_stone_intersect
D:2:      layout_basic, hellmonk_ecumenical_altar_heavens_door, basic_altar,
          nicolae_grassy_gnolls
D:3:      layout_loops_ring, grunt_temple_overflow_holy_war,
          grunt_temple_overflow_open, nemelex_diamond_rough_becter,
          reono_crystal_passage, st_stairs_2
D:4:      layout_basic, mainiacjoe_overflow_brackets,
          nicolae_wu_jian_wuxing_cycle, minmay_temple_entry_wispy,
          uniq_blork_the_orc, uniq_duvessa, uniq_crazy_yiuf_cottage

Notes
Turn   | Place    | Note
-------+----------+-------------------------------------------
     0 | D:1      | kae the Minotaur Fighter began the quest for the Orb.
     0 | D:1      | Reached XP level 1. HP: 19/19 MP: 0/0
     0 | D:1      | magus.rc [v1.11.3]
   237 | D:1      | Reached skill level 3 in Maces & Flails
   353 | D:1      | Reached XP level 2. HP: 26/26 MP: 1/1
   948 | D:2      | Reached skill level 4 in Maces & Flails
   953 | D:2      | Reached XP level 3. HP: 25/31 MP: 2/2
  1014 | D:2      | Found a white marble altar of Elyvilon.
  1078 | D:2      | Reached skill level 5 in Maces & Flails
  1084 | D:2      | Reached XP level 4. HP: 34/39 MP: 3/3
  1310 | D:2      | Found a faded altar of an unknown god.
  1848 | D:2      | Reached skill level 6 in Maces & Flails
  1946 | D:3      | Found an opulent altar of Gozag.
  1951 | D:3      | Found a broken altar of Ashenzari.
  1952 | D:3      | Found a stormy altar of Qazlal.
  2180 | D:3      | Reached XP level 5. HP: 45/45 MP: 4/4
  2189 | D:3      | Became a worshipper of Qazlal Stormbringer
  2320 | D:3      | Found a sparkling altar of Nemelex Xobeh.
  2433 | D:3      | Found a glowing golden altar of the Shining One.
  2435 | D:3      | Noticed an angel
  2440 | D:3      | Found a basalt altar of Yredelemnul.
  2442 | D:3      | Noticed a profane servitor
  2725 | D:4      | Noticed Duvessa
  2822 | D:4      | Found a snail-covered altar of Cheibriados.
  2822 | D:4      | Noticed Dowan
  2958 | D:4      | Killed Dowan
  2959 | D:4      | Reached skill level 1 in Invocations
  3291 | D:4      | HP: 11/45 [Duvessa/+0 short sword (9)]
  3291 | D:4      | Slain by Duvessa

Vanquished Creatures
  Dowan (D:4)
  3 gnolls (D:2)
  7 adders
  A worm (D:2)
  5 orcs (D:3)
  6 bats
  4 endoplasms
  2 giant cockroaches (D:3)
  5 goblins
  5 hobgoblins
  2 jackals (D:1)
  3 quokkas
  3 ball pythons
  A frilled lizard (D:2)
  9 kobolds
  5 rats
62 creatures vanquished.

Table legend:
 A = Non-vault XP
 B = Vault XP
 C = Vault XP percentage of total XP
 D = Non-vault monster count
 E = Vault monster count
 F = Vault count percentage of total count
                 A         B        C        D         E       F
            +---------+---------+-------+---------+---------+-------
      Total |     171 |     123 |  41.8 |      56 |       6 |   9.7
            +---------+---------+-------+---------+---------+-------
        D:1 |      28 |       0 |   0.0 |      17 |       0 |   0.0
        D:2 |      91 |      42 |  31.6 |      19 |       3 |  13.6
        D:3 |      51 |      14 |  21.5 |      19 |       2 |   9.5
        D:4 |       1 |      67 |  98.5 |       1 |       1 |  50.0
            +---------+---------+-------+---------+---------+-------

Skill      XL: |  1  2  3  4  5 |
---------------+----------------+-----
Maces & Flails | 3 4 5 6 |  6.7
Invocations    | 1 |  1.4
Fighting       | |  3.6
Armour         | |  3.6
Shields        | |  3.6

Action                     |  1- 3 |  4- 6 || total
---------------------------+-------+-------++-------
  Melee: Flail             |    70 |    93 ||   163
         Headbutt          |     6 |    12 ||    18
  Evoke: Wand              |       |     6 ||     6
    Use: Scroll            |     3 |     2 ||     5
 Armour: Scale mail        |    27 |       ||    27
         Chain mail        |    33 |    45 ||    78
  Dodge: Dodged            |    32 |    35 ||    67
  Block: Buckler           |    24 |    15 ||    39

Illustrated notes

Table legend:
 A = Kills in this place as a percentage of kills in the entire game.
 B = Kills by you in this place as a percentage of kills by you in the entire game.
 C = Kills by friends in this place as a percentage of kills by friends in the entire game.
 D = Other kills in this place as a percentage of other kills in the entire game.
 E = Experience gained in this place as a percentage of experience gained in the entire game.
 F = Experience gained in this place divided by the number of levels of this place that you have seen.
                   A       B       C       D       E      F
               +-------+-------+-------+-------+-------+----------------------
         Total | 100.0 | 100.0 |   N/A |   N/A | 100.0 |  73.5
       Dungeon | 100.0 | 100.0 |   N/A |   N/A | 100.0 |  73.5
               +-------+-------+-------+-------+-------+----------------------

Table legend: (Time is in decaauts)
 A = Elapsed time spent in this place.
 B = Non-inter-level travel time spent in this place.
 C = Inter-level travel time spent in this place.
 D = Time resting spent in this place.
 E = Time spent auto-exploring this place.
 F = Levels seen in this place.
 G = Mean time per level.
                   A        B        C        D        E       F      G
               +--------+--------+--------+--------+--------+-----+--------+
         Total |   3317 |   3206 |    111 |    268 |   2280 |   4 |  829.2 |
       Dungeon |   3317 |   3206 |    111 |    268 |   2280 |   4 |  829.2 |
               +--------+--------+--------+--------+--------+-----+--------+

Top non-repeatable levels by time:
     D:2: 988 daAuts
     D:1: 947 daAuts
     D:3: 811 daAuts
     D:4: 569 daAuts
